 Dungeon Crawl Stone Soup version 0.29-a0-813-g4a14ea37d6 (webtiles) character file.

Game seed: 13004598007772616765

247008 buhh the Warrior (level 19, 0/189 HPs)
             Began as an Octopode Transmuter on July 5, 2022.
             Was a High Priest of Cheibriados.
             Slain by a tentacled monstrosity (9 damage)
             ... on level 4 of the Vaults.
             The game lasted 00:59:27 (35854 turns).

buhh the Warrior (Octopode Transmuter)             Turns: 35854, Time: 00:59:28

Health: 0/189      AC: 42    Str: 22    XL:     19   Next: 52%
Magic:  6/28       EV: 31    Int: 40    God:    Cheibriados [*****.]
Gold:   1057       SH:  7    Dex: 25    Spells: 10/22 levels left

rFire   . . .      SeeInvis +     - Unarmed
rCold   + . .      Faith    .   (no shield)
rNeg    + + .      Spirit   .   J - +2 hat {SInv}
rPois   ∞          Reflect  +   a - amulet of reflection
rElec   +          Harm     .   W - +4 ring of protection
rCorr   .          Rampage  .   q - ring of protection from cold
Will    ++...                   g - +4 ring of evasion
Stlth   ++++++....              z - +6 ring of intelligence
HPRegen 0.41/turn               Y - ring of willpower
MPRegen 0.21/turn               E - ring of see invisible
                                I - ring of the Octopus King {rN+ HP+2 AC+2 EV+2 SH+2}
                                b - +4 ring of protection

@: about to teleport, statue-form, studying Stealth, very slow
A: slow and powerful, torment resistance 1, boosted hp, almost no armour,
amphibious, 8 rings, camouflage 1, (gelatinous body 1), (nimble swimmer 1),
tentacles
}: 2/15 runes: barnacled, gossamer
a: End Transformation, Renounce Religion, Bend Time, Temporal Distortion,
Slouch, Step From Time


You were on level 4 of the Vaults.
You worshipped Cheibriados.
Cheibriados was extremely pleased with you.
You were a living statue of rough stone.
You visited 7 branches of the dungeon, and saw 37 of its levels.
You also visited: Ossuary and Gauntlet.

You collected 3646 gold pieces.
You spent 2589 gold pieces at shops.

Inventory:

Hand Weapons
 n - the +9 mace of the Dead {freeze, Int+4}
   (You found it on level 2 of the Dungeon)

   It freezes those it strikes, dealing additional cold damage.
   It can also slow down cold-blooded creatures.
   Int:       It affects your intelligence (+4).
Armour
 J - a +2 hat of see invisible (worn)
Jewellery
 a - an amulet of reflection (around mantle)
 b - a +4 ring of protection (on tentacle)
 d - a +6 ring of dexterity
 g - a +4 ring of evasion (on tentacle)
 i - a +6 ring of intelligence
 q - a ring of protection from cold (right tentacle)
 s - a +6 ring of intelligence
 u - a +4 ring of slaying
 x - an amulet of magic regeneration
 z - a +6 ring of intelligence (on tentacle)
 C - a +6 ring of dexterity
 E - a ring of see invisible (on tentacle)
 I - a ring of the Octopus King (on tentacle) {rN+ HP+2 AC+2 EV+2 SH+2}
   (You found it on level 6 of the Lair of Beasts)

   [ring of positive energy]

   AC:        It affects your AC (+2).
   EV:        It affects your evasion (+2).
   rN:        It protects you from negative energy.
   HP:        It affects your health (+2).
   SH:        It affects your SH (+2).
 W - a +4 ring of protection (left tentacle)
 Y - a ring of willpower (on tentacle)
Wands
 m - a wand of polymorph (6)
 r - a wand of roots (9)
 v - a wand of digging (2)
 D - a wand of flame (20)
 G - a wand of paralysis (28)
Scrolls
 j - 3 scrolls of noise
 p - 4 scrolls of fear {!r}
 A - 2 scrolls of poison
 F - 2 scrolls of enchant weapon
 P - 2 scrolls of magic mapping {!r!d}
 Q - 4 scrolls of fog
 R - 2 scrolls of torment
 S - 4 scrolls of brand weapon
 X - 5 scrolls of amnesia
 Z - 2 scrolls of enchant armour
Potions
 f - 4 potions of might
 h - 2 potions of berserk rage {!q}
 k - 6 potions of flight
 l - 4 potions of lignification {!d}
 y - 7 potions of degeneration
 B - 11 potions of ambrosia {!q!d}
 H - 3 potions of invisibility {!q!d}
 K - 3 potions of brilliance {!q!d}
 L - 3 potions of resistance {!q!d}
 N - 5 potions of curing {!q!d}
 O - 3 potions of haste {!q!d}
 T - 2 potions of attraction
 U - a potion of mutation {!d}
 V - a potion of cancellation {!q!d}
Miscellaneous
 e - a phantom mirror
 o - a condenser vane
 w - a phial of floods


   Skills:
 * Level 17.1 Fighting
 - Level 14.0 Dodging
 - Level 11.0 Stealth
 - Level 14.0 Unarmed Combat
 - Level 2.0 Spellcasting
 - Level 13.7 Transmutations
 - Level 4.0 Ice Magic
 - Level 15.3 Earth Magic
 - Level 1.0 Poison Magic
 - Level 13.0 Invocations


You had 10 spell levels left.
You knew the following spells:

 Your Spells              Type           Power      Damage    Failure   Level
a - Statue Form           Tmut/Erth      58%        N/A       1%          6
b - Wereblood             Tmut           85%        N/A       1%          2
d - Ice Form              Ice/Tmut       66%        N/A       1%          4

Your spell library contained the following spells:

 Spells                   Type           Power      Damage    Failure   Level
 Beastly Appendage        Tmut           100%       N/A       0%          1
 Ignite Poison            Fire/Tmut/Pois 43%        N/A       1%          3
 Spider Form              Tmut/Pois      59%        N/A       1%          3
 Leda's Liquefaction      Hex/Erth       30%        N/A       1%          4
 Blade Hands              Tmut           42%        N/A       1%          5
 Lee's Rapid Deconstruct  Erth           45%        3d23*     1%          5
 Ozocubu's Armour         Ice            36%        N/A       2%          3
 Summon Small Mammal      Summ           16%        N/A       4%          1
 Yara's Violent Unravell  Hex/Tmut       28%        3d12      7%          5
 Mephitic Cloud           Conj/Pois/Air  6%         N/A       11%         3
 Call Canine Familiar     Summ           4%         N/A       12%         3
 Portal Projectile        Hex/Tloc       8%         N/A       12%         3
 Summon Guardian Golem    Hex/Summ       4%         N/A       12%         3
 Tukima's Dance           Hex            4%         N/A       12%         3
 Freezing Cloud           Conj/Ice/Air   7%         6-21      54%         5
 Ozocubu's Refrigeration  Ice            18%        4d8       100%        7


Dungeon Overview and Level Annotations

Branches:
Dungeon (15/15) Zot: 38351  Temple (1/1) D:5 Zot: 8893    Lair (6/6) D:10 Zot: 35750
 Shoals (4/4) Lair:2 Zot: 34644  Spider (4/4) Lair:4 Zot: 33266   Slime (0/5) Lair:6
    Orc (2/2) D:9 Zot: 15973     Elf (0/3) Orc:2        Vaults (5/5) D:13 Zot: 40359
 Depths (0/4) D:15        Ossuary (visited)         Gauntlet (visited)
  Crypt: Vaults:2-3

Altars:
Ashenzari
Cheibriados
Dithmenos
Elyvilon
Fedhas
Gozag
Hepliaklqana
Kikubaaqudgha
Makhleb
Nemelex Xobeh
Okawaru
Qazlal
Ru
Sif Muna
Trog
Uskayaw
Vehumet
Wu Jian
Xom
Yredelemnul
Zin
The Shining One
Jiyva

Shops:
D:13 *   Orc:1 [   Orc:2 =:*:(   Shoals:2 =

Annotations:
D:4 exclusion: lemure
D:6 1 exclusion
D:9 exclusion: hornet
Vaults:4 3 runed translucent doors


Innate Abilities, Weirdness & Mutations

You are a living statue of rough stone.
Your actions are slow, but your melee attacks are powerful.
You are resistant to unholy torment.
Your maximum health is greatly increased.
You are immune to poison.
You cannot wear most types of armour.
You are amphibious.
You can wear up to eight rings at the same time.
Your skin changes colour to match your surroundings (Stealth+).
((Your rubbery body absorbs attacks. (AC +1, EV +1)))
((You are camouflaged when in or above water. (Stealth+)))
You have tentacles for arms and can constrict up to eight enemies at once.


Message History

You hear a shout!
You climb upwards.
Level annotation: 3 runed translucent doors
There is a stone staircase leading down here.
As you read the scroll of teleportation {!d}, it crumbles to dust.
You feel strangely unstable.
The tentacled monstrosity tentacle-slaps you.
You block the tentacled monstrosity's attack.
The tentacled monstrosity tentacle-slaps you but does no damage.
The tentacled monstrosity grabs you.
The tentacled monstrosity constricts you!
* * * LOW HITPOINT WARNING * * *
The titan hits you!!
* * * LOW HITPOINT WARNING * * *
The iron dragon completely misses you. The iron dragon claws you.
* * * LOW HITPOINT WARNING * * *
The iron dragon tramples you but does no damage.
The tentacled monstrosity tentacle-slaps you.
* * * LOW HITPOINT WARNING * * *
You block the tentacled monstrosity's attack.
The tentacled monstrosity barely misses you.
The tentacled monstrosity constricts you.
You escape the tentacled monstrosity's grasp.
The tentacled monstrosity attacks as you move away!
The tentacled monstrosity barely misses you.
The tentacled monstrosity tentacle-slaps you but does no damage. x2
The titan waves its arms in wide circles.
The air twists around and strikes you.
The iron dragon breathes metal splinters at you.
The spray of metal splinters hits you but does no damage.
The titan points at you and mumbles some strange words.
The bolt of lightning misses you. You block the iron dragon's attack.
The iron dragon claws you!
* * * LOW HITPOINT WARNING * * *
The iron dragon completely misses you.
The titan gestures wildly while chanting.
The titan is healed somewhat.
The tentacled monstrosity tentacle-slaps you but does no damage.
The tentacled monstrosity tentacle-slaps you!
You die...

########## #........# #........#
#.....<..########
#........+......#
#?.......#....C.# ############
#........#....X.# #.##.##.##.#
#####'####....D8# #..........#
##.....## #......# #..........#
#.......###......# #..........#
..#####..##.}....# #.##.##.##.#
.##...##..####'#######'##'#######
##.....##..###...................
#..###..##..##...................
.....##..##.))...................
.#.)..##..#.)#...................


You could see a tentacled monstrosity, an iron dragon (catching breath) and a
titan.

Vanquished Creatures
  Xtahua (Vaults:3)
  Rupert (Orc:2)
  2 titans
  A sphinx (Vaults:5)
  Kirke (Lair:5)
  Donald (Orc:2)
  3 tengu reavers
  A fire giant (Vaults:5)
  7 emperor scorpions (Spider:4)
  4 ghost moths (Spider:4)
  3 frost giants (Vaults:5)
  5 ironbound preservers
  6 vault wardens
  7 very ugly things
  A broodmother (Spider:4)
  2 war gargoyles
  2 ironbound thunderhulks
  Nessos (D:13)
  3 stone giants
  3 entropy weavers
  A spark wasp (Spider:4)
  6 dire elephants
  2 ettins
  3 merfolk javelineers
  Snorg (Lair:3)
  6 merfolk impalers
  A deep elf death mage (Vaults:5)
  2 great orbs of eyes (Vaults:4)
  A crystal guardian (Vaults:4)
  5 yaktaur captains
  A deep elf high priest (Vaults:5)
  Erolcha (D:12)
  A jorogumo (Spider:4)
  2 peacekeepers (Vaults:4)
  28 vault guards
  10 hydras
  5 boulder beetles
  3 ironbound frosthearts
  9 centaur warriors
  5 merfolk avatars
  An ogre mage (Vaults:5)
  A jorogumo (shapeshifter) (Vaults:4)
  4 two-headed ogres
  8 death yaks
  3 merfolk aquamancers (Shoals:4)
  2 satyrs (Shoals:4)
  A tengu warrior (D:14)
  Nergalle (Lair:3)
  3 skeletal warriors
  2 sun moths (Spider:4)
  2 flayed ghosts
  2 sea snakes
  4 orb spiders (Spider:4)
  15 deep trolls
  A pharaoh ant (Spider:3)
  7 steelbarb worms
  9 harpies
  3 wizards
  10 lindwurms
  A necromancer (Vaults:1)
  8 ironbound convokers
  11 wolf spiders
  2 orc knights
  4 deep elf pyromancers
  7 manticores
  3 moths of wrath
  An orc sorcerer (Orc:2)
  5 fauns (Shoals:1)
  3 merfolk sirens (Shoals:1)
  32 ugly things
  10 cyclopes
  11 elephants (Lair:6)
  12 vault sentinels
  A water nymph (Shoals:4)
  Maurice (D:12)
  8 black mambas
  15 cane toads
  A naga mage (D:15)
  2 gargoyles
  A torpor snail (Lair:5)
  10 komodo dragons
  5 rime drakes
  14 yaktaurs
  4 demonic crawlers
  An unseen horror (D:10)
  A freezing wraith (Vaults:5)
  10 merfolk
  4 trolls
  A wolf spider simulacrum (D:13)
  5 hornets
  5 wind drakes
  Grinder (D:4)
  4 polar bears
  13 tarantellas
  16 blink frogs
  5 slime creatures (D:13)
  12 dream sheep (Lair:5)
  7 snapping turtles
  6 culicivoras
  6 jumping spiders
  2 air elementals (Shoals:4)
  27 yaks
  2 shadows
  3 wyverns
  10 water elementals
  4 wraiths
  6 basilisks
  10 vampire mosquitoes
  2 steam dragons
  36 redbacks
  16 humans (D:13)
  2 wargs (Orc:2)
  An acid dragon (D:12)
  21 water moccasins
  25 orc warriors
  2 black bears
  An ogre (D:6)
  2 sky beasts (D:7)
  A boggart (Vaults:4)
  8 wolves
  32 centaurs
  A phantom (D:4)
  Blork the orc (D:6)
  14 bullfrogs
  2 kobold brigands (D:6)
  3 scorpions
  A gnoll sergeant (D:12)
  3 necrophages
  10 wights (D:8)
  11 killer bees
  3 howler monkeys
  4 electric eels (Lair:5)
  A vampire bat (D:6)
  5 hounds
  5 jellies
  An iguana (D:6)
  4 orc priests
  19 orc wizards
  8 hell rats
  A mummy (Ossuary)
  3 gnolls (D:12)
  8 adders
  A shadow imp (D:7)
  A white imp (D:5)
  2 ufetubi
  A worm (D:3)
  5 dart slugs
  65 orcs
  3 spectral bats (Ossuary)
  7 ball pythons
  12 bats
  5 endoplasms
  3 giant cockroaches
  12 gnoll zombies (Ossuary)
  3 goblins
  5 hobgoblins
  3 quokkas
  4 bat simulacra (Ossuary)
  2 frilled lizards
  A goblin simulacrum (Ossuary)
  3 goblin zombies (Ossuary)
  7 hobgoblin zombies (Ossuary)
  10 kobolds
  3 kobold simulacra (Ossuary)
  3 kobold zombies (Ossuary)
  5 orc zombies (Ossuary)
  3 rats
  A rat simulacrum (Ossuary)
  3 spectral goblins (Ossuary)
  2 spectral kobolds (Ossuary)
  2 spectral rats (Ossuary)
  A butterfly (Lair:6)
995 creatures vanquished.

Vanquished Creatures (collateral kills)
  A cane toad (Lair:6)
  A killer bee (D:9)
  A jelly (D:6)
3 creatures vanquished.

Vanquished Creatures (others)
  A yaktaur captain (Vaults:4)
  A deep troll (Vaults:1)
  A wizard (Vaults:4)
  An ugly thing (D:15)
  A water nymph (Shoals:4)
  2 vampires (Vaults:3)
  A water elemental (Shoals:4)
  4 humans (Lair:5)
  A centaur (Orc:2)
  21 demonic plants (Gauntlet)
  42 fungi
  213 plants
  7 toadstools (D:6)
296 creatures vanquished.

Grand Total: 1294 creatures vanquished

Notes
Turn   | Place    | Note
-------+----------+-------------------------------------------
     0 | D:1      | buhh the Octopode Transmuter began the quest for the Orb.
     0 | D:1      | Reached XP level 1. HP: 13/13 MP: 3/3
   433 | D:1      | Reached XP level 2. HP: 18/18 MP: 3/5
  1805 | D:2      | Found the +1 Delatra's gloves {ID++}
  1807 | D:2      | Reached XP level 3. HP: 24/24 MP: 4/6
  1973 | D:1      | Learned a level 2 spell: Wereblood
  1977 | D:1      | Learned a level 3 spell: Spider Form
  2465 | D:2      | Identified the +9 mace of the Dead {freeze, Int+4}
  2956 | D:3      | Reached skill level 2 in Fighting
  3394 | D:3      | Reached XP level 4. HP: 29/29 MP: 4/7
  3626 | D:4      | Noticed a scorpion
  3767 | D:4      | Noticed a lemure
  3814 | D:4      | Noticed Grinder
  3835 | D:4      | Paralysed by Grinder for 4 turns
  3841 | D:4      | Killed Grinder
  3842 | D:4      | Reached XP level 5. HP: 6/36 MP: 8/8
  3842 | D:4      | Reached XP level 6. HP: 7/41 MP: 9/9
  4194 | D:4      | Reached skill level 3 in Fighting
  4378 | D:4      | Reached XP level 7. HP: 27/46 MP: 8/10
  4794 | D:5      | Entered Level 5 of the Dungeon
  4875 | D:5      | Reached skill level 4 in Fighting
  4967 | D:5      | Found a staircase to the Ecumenical Temple.
  5007 | D:5      | Found a sand-covered staircase.
  5022 | Ossuary  | Entered an ossuary
  5786 | D:5      | Reached XP level 8. HP: 54/54 MP: 9/11
  6513 | Temple   | Entered the Ecumenical Temple
  6573 | Temple   | Became a worshipper of Cheibriados the Contemplative
  6770 | D:6      | Reached skill level 5 in Fighting
  7094 | D:6      | Noticed Blork the orc
  7284 | D:6      | Killed Blork the orc
  7673 | D:6      | Reached * piety under Cheibriados
  7673 | D:6      | Noticed a slime creature
  7703 | D:6      | Noticed a slime creature
  7982 | D:6      | Reached skill level 6 in Fighting
  8147 | D:6      | Reached XP level 9. HP: 62/62 MP: 8/12
  8756 | D:7      | Reached ** piety under Cheibriados
  9623 | D:7      | Reached skill level 7 in Fighting
 10196 | D:8      | Reached skill level 8 in Fighting
 10585 | D:9      | Reached *** piety under Cheibriados
 10711 | D:9      | Noticed a hornet
 10775 | D:9      | Found a staircase to the Orcish Mines.
 10948 | D:9      | Reached XP level 10. HP: 73/73 MP: 11/13
 10965 | D:9      | Reached skill level 9 in Fighting
 11293 | D:9      | Found a radiant altar of Vehumet.
 11734 | D:9      | Learned a level 4 spell: Ice Form
 11738 | D:9      | Learned a level 3 spell: Ozocubu's Armour
 12012 | D:10     | Entered Level 10 of the Dungeon
 12012 | D:10     | Noticed a two-headed ogre
 12013 | D:10     | Noticed a boulder beetle
 12017 | D:10     | Noticed a gargoyle
 12229 | D:10     | Killed a two-headed ogre
 12229 | D:10     | Noticed a cyclops
 12230 | D:10     | Reached skill level 10 in Fighting
 12246 | D:9      | Killed a boulder beetle
 12538 | D:10     | Found a staircase to the Lair.
 12557 | D:10     | Reached skill level 11 in Fighting
 12566 | Lair:1   | Entered Level 1 of the Lair of Beasts
 12697 | Lair:1   | Noticed a cane toad
 12713 | Lair:1   | Killed a cane toad
 13755 | Lair:2   | Found a staircase to the Shoals.
 13755 | Lair:2   | Noticed a manticore
 13782 | Lair:2   | Killed a manticore
 13783 | Lair:2   | Reached XP level 11. HP: 83/83 MP: 8/14
 14373 | Lair:2   | Reached **** piety under Cheibriados
 14773 | Lair:2   | Noticed a lindwurm
 14780 | Lair:2   | Killed a lindwurm
 15093 | Lair:2   | Reached skill level 11 in Dodging
 15532 | Lair:2   | Noticed a six-headed hydra
 15540 | Lair:2   | Killed a six-headed hydra
 15714 | Lair:3   | Noticed Snorg
 15733 | Lair:3   | Killed Snorg
 15734 | Lair:3   | Reached XP level 12. HP: 90/90 MP: 13/15
 16013 | Lair:3   | Noticed a death yak
 16021 | Lair:3   | Killed a death yak
 16021 | Lair:3   | Reached ***** piety under Cheibriados
 16408 | Lair:3   | Noticed Nergalle
 16410 | Lair:3   | Noticed a death yak
 16410 | Lair:3   | Noticed a death yak
 16410 | Lair:3   | Noticed a death yak
 16415 | Lair:3   | Killed Nergalle
 16418 | Lair:3   | Noticed a death yak
 16421 | Lair:3   | Killed a death yak
 16422 | Lair:3   | Reached skill level 11 in Unarmed Combat
 16425 | Lair:3   | Killed a death yak
 16429 | Lair:3   | Killed a death yak
 16453 | Lair:3   | Killed a death yak
 17420 | Lair:4   | Noticed a four-headed hydra
 17427 | Lair:4   | Killed a four-headed hydra
 17484 | Lair:4   | Found a hole to the Spider Nest.
 17486 | Lair:4   | Reached XP level 13. HP: 95/95 MP: 16/20
 17562 | Lair:4   | Reached skill level 11 in Invocations
 19378 | Lair:5   | Noticed Kirke
 19469 | Lair:6   | Entered Level 6 of the Lair of Beasts
 19472 | Lair:6   | chickadee: !spectate
 20523 | Lair:6   | Reached XP level 14. HP: 97/101 MP: 17/23
 21187 | Lair:6   | Found a viscous altar of Jiyva.
 21188 | Lair:6   | Found a staircase to the Slime Pits.
 21234 | Lair:6   | Found the ring of the Octopus King
 21237 | Lair:6   | Identified the +5 quarterstaff "Roamonk" {flame, *Corrode
                  | *Slow rN+ Int+9}
 21240 | Lair:6   | Identified the +0 chain mail of the Spheres {rElec Will+
                  | Slay-6}
 21253 | Lair:6   | Identified a ring of the Octopus King {rN+ HP+2 AC+2 EV+2
                  | SH+2}
 21591 | Lair:6   | Got the Compilation of the Figure
 21834 | Lair:5   | Noticed a sphinx
 21843 | Lair:5   | Killed Kirke
 23087 | D:10     | Identified the +2 dagger "Miefa" {freeze, *Rage rElec rPois
                  | rN++ Int-3}
 23225 | D:10     | Identified the +6 quarterstaff of Demonkind {speed, Fly
                  | rPois}
 23263 | D:10     | Found the +6 shillelagh "Devastator" {shatter}
 24330 | D:11     | Identified the +8 chain mail of Ulatuerph {Dex+2}
 24742 | D:12     | Noticed Erolcha
 25099 | Orc:1    | Entered Level 1 of the Orcish Mines
 25230 | Orc:2    | Entered Level 2 of the Orcish Mines
 25230 | Orc:2    | Noticed Rupert
 25237 | Orc:2    | Found Sicyacvu's Jewellery Shoppe.
 25254 | Orc:2    | Bought a +4 ring of evasion for 504 gold pieces
 25254 | Orc:2    | Bought a +4 ring of protection for 504 gold pieces
 25292 | Orc:2    | Noticed Donald
 25444 | Orc:2    | Found a staircase to the Elven Halls.
 25556 | Orc:2    | Killed Donald
 25607 | Orc:2    | Paralysed by Rupert for 2 turns
 25610 | Orc:2    | Killed Rupert
 25656 | Orc:2    | Reached XP level 15. HP: 87/106 MP: 24/24
 25912 | Orc:2    | Found Hoifiub's Book Shoppe.
 25912 | Orc:2    | Found Eniusux's Assorted Antiques.
 25914 | Orc:2    | Found Guinev's Book Boutique.
 25916 | Orc:2    | Found Dihana's Weapon Emporium.
 25923 | Orc:2    | Bought a book of the Earth for 540 gold pieces
 25931 | Orc:2    | Bought a scroll of fear for 91 gold pieces
 26209 | Orc:1    | Found Syku Zeetri's Antique Armour Shop.
 26661 | D:12     | Killed Erolcha
 26955 | D:12     | Noticed Maurice
 26965 | D:12     | Killed Maurice
 27244 | D:13     | Reached ****** piety under Cheibriados
 27262 | D:13     | Reached skill level 11 in Stealth
 27284 | D:13     | Found Waoj's General Store.
 27717 | D:13     | Found a gate to the Vaults.
 27717 | D:13     | Noticed Nessos
 27729 | D:13     | Killed Nessos
 28388 | D:14     | Found a gate leading to a gauntlet.
 28397 | Gauntlet | Entered a Gauntlet
 28397 | Gauntlet | Found a transporter.
 28397 | Gauntlet | Found a transporter.
 28398 | Gauntlet | Found a transporter.
 28400 | Gauntlet | Found a transporter.
 28401 | Gauntlet | Found a transporter.
 28401 | Gauntlet | Found a transporter.
 28413 | Gauntlet | Found a transporter.
 28415 | Gauntlet | Found a transporter.
 28425 | Gauntlet | Found a transporter.
 28531 | Gauntlet | Found a transporter.
 28532 | Gauntlet | Found a transporter.
 28541 | Gauntlet | Found a transporter.
 28685 | D:14     | Found a shadowy altar of Dithmenos.
 28810 | D:14     | Identified a scroll of acquirement
 28825 | D:14     | Acquired 1159 gold pieces
 29053 | D:14     | Learned a level 6 spell: Statue Form
 29112 | D:15     | Entered Level 15 of the Dungeon
 29480 | D:15     | Reached XP level 16. HP: 112/112 MP: 22/25
 29510 | D:15     | Identified the +0 ring mail of Dim Light {Str+7 Int+3
                  | Stlth-}
 29537 | D:15     | Found a staircase to the Depths.
 29615 | D:15     | Found a sacrificial altar of Ru.
 29775 | D:15     | Reached skill level 11 in Earth Magic
 29883 | D:15     | Found Bunocuack's Antique Weapon Shop.
 30286 | Spider:1 | Entered Level 1 of the Spider Nest
 30579 | Spider:4 | Entered Level 4 of the Spider Nest
 31349 | Spider:4 | Reached XP level 17. HP: 43/117 MP: 16/26
 31624 | Spider:4 | Reached skill level 15 in Earth Magic
 31651 | Spider:4 | Got a gossamer rune of Zot
 31911 | Shoals:1 | Entered Level 1 of the Shoals
 32056 | Shoals:2 | Found Oti Teufol's Jewellery Emporium.
 32061 | Shoals:2 | Bought a ring of willpower for 475 gold pieces
 32061 | Shoals:2 | Bought a ring of protection from cold for 475 gold pieces
 32117 | Shoals:4 | Entered Level 4 of the Shoals
 32117 | Shoals:4 | Found a stormy altar of Qazlal.
 32148 | Shoals:4 | Reached skill level 11 in Transmutations
 32248 | Shoals:4 | Noticed a titan
 32263 | Shoals:4 | Killed a titan
 32421 | Shoals:4 | Got a barnacled rune of Zot
 32432 | Shoals:4 | Identified the +7 trident of Fortitude {vamp, rPois rC+ rN+
                  | Will-}
 32493 | Shoals:4 | Paralysed by an air elemental for 1 turns
 32498 | Shoals:4 | Paralysed by an air elemental for 1 turns
 32502 | Shoals:4 | Paralysed by an air elemental for 1 turns
 32505 | Shoals:4 | Paralysed by an air elemental for 1 turns
 32715 | Vaults:1 | Entered Level 1 of the Vaults
 33571 | Vaults:3 | Reached XP level 18. HP: 91/124 MP: 16/27
 33867 | Vaults:3 | Noticed Xtahua
 33877 | Vaults:3 | Killed Xtahua
 34429 | Vaults:4 | Reached skill level 12 in Fighting
 34987 | Vaults:4 | Reached skill level 13 in Fighting
 35406 | Vaults:4 | Found a runed translucent gate.
 35407 | Vaults:4 | Found a runed translucent gate.
 35407 | Vaults:4 | Found a runed translucent gate.
 35527 | Vaults:4 | Reached skill level 14 in Fighting
 35754 | Vaults:5 | Entered Level 5 of the Vaults
 35757 | Vaults:5 | Noticed a titan
 35759 | Vaults:5 | Reached skill level 15 in Fighting
 35759 | Vaults:5 | Reached XP level 19. HP: 139/139 MP: 14/28
 35760 | Vaults:5 | Reached skill level 16 in Fighting
 35846 | Vaults:5 | Noticed a tentacled monstrosity
 35850 | Vaults:5 | Noticed a golden dragon
 35851 | Vaults:5 | Reached skill level 17 in Fighting
 35851 | Vaults:5 | Noticed a tentacled monstrosity
 35854 | Vaults:4 | HP: 9/189 [iron dragon (9)]
 35854 | Vaults:4 | Slain by a tentacled monstrosity

Illustrated notes

Levels and vault maps discovered:
D:1:      wander_arrival_lonely_grave, layout_basic
D:2:      layout_loops_ring, pf_guarded_unrand_delatra
D:3:      layout_basic
D:4:      layout_rooms, uniq_grinder, uniq_pikel
D:5:      layout_layer_cave, minmay_temple_entry_glass, enter_ossuary_3,
          minmay_misc_feat_four_crosses, grunt_ministairs_1
D:6:      cheibrodos_fertilizer, layout_basic, roderic_batcave,
          ebering_dispersal_statue_hall, uniq_blork_the_orc
D:7:      layout_gridville, grunt_ministairs_15
D:8:      layout_basic
D:9:      layout_grid_maze, nicolae_vehumet_altar_sigil, orc_0_dummy
D:10:     layout_gridville, lair_entry_dummy, dilly_guarded_unrand_devastator
D:11:     layout_small_grid
D:12:     layout_roguey, serial_bayou, serial_bayou_pond_e, serial_bayou_pond_e,
          serial_bayou_lagoon_a, serial_bayou_crossing, grunt_ministairs_10,
          uniq_maurice, uniq_erolcha
D:13:     layout_loops_ring, david_vaults_3, serial_shops,
          nicolae_take_the_stairs, minmay_misc_feat_secret_circle
D:14:     layout_cave_pools, gauntlet_entry_generic,
          nicolae_dithmenos_through_a_glass_darkly
D:15:     hangedman_depths_entry_try_elsewhere_first, layout_basic,
          hangedman_ru_absence, serial_shops, shop_fountains
Temple:   grunt_wide_crystal_templ
Lair:1:   layout_regular_city, infiniplex_staircase_pool_2
Lair:2:   cheibrodos_lair_overgrown_chateau, layout_cave_pods,
          minmay_shoals_entry_beasts
Lair:3:   layout_chaotic_city, kennysheep_basilisk_garden, uniq_snorg,
          uniq_nergalle
Lair:4:   layout_cave_pods, spider_nest_entry_webs, grunt_megastairs_3
Lair:5:   layout_big_grid, serial_bayou, serial_bayou_pond_d,
          serial_bayou_pond_e, serial_bayou_lake_a, serial_bayou_ford_a,
          serial_bayou_shore_b, serial_bayou_shore_b, uniq_kirke
Lair:6:   gammafunk_lair_ancient_temple, layout_gridlike, slime_entry_1,
          lemuel_fruit_fields
Shoals:1: layout_shoals
Shoals:2: layout_shoals, serial_shops, nicolae_shop_bloodbath_and_beyond,
          shoals_oasis, nicolae_stop_n_shop_1, uniq_polyphemus, uniq_jorgrun
Shoals:3: nicolae_shoals_lighthouse, layout_shoals, nicolae_shoals_seven_spires
Shoals:4: shoals_end_hellmonk_storm_palace [storm_palace_center_square,
          storm_palace_corner_altar, storm_palace_corner_grid,
          storm_palace_corner_altar, storm_palace_corner_pillars]
Spider:1: layout_chambers, nicolae_spider_webbed_stairs
Spider:2: layout_spider_delve
Spider:3: layout_spider_delve
Spider:4: grunt_spider_rune_circles, portal_ice_cave_entry_frozen_things
Orc:1:    layout_diamond_mine, serial_shops, shop
Orc:2:    st_orc_rangers, layout_caves, serial_shops, nicolae_shop_crystal,
          basic_altar, uniq_rupert, uniq_donald
Vaults:1: v_misc_30, v_misc_22, v_misc_33, v_pattern_2, vaults_mumra_minichess,
          nicolae_vaults_ring_of_whatevers, nicolae_vaults_network_star,
          vaults_room_corners, v_misc_17, layout_vaults_omnicross
Vaults:2: nicolae_vaults_theta, ontoclasm_vaults_gateway, v_alt_pattern_3,
          hangedman_vaults_corner, v_misc_15, vaults_mumra_hex,
          vaults_mumra_lcd, vaults_room_hallway, vaults_dpeg_diagonal,
          layout_vaults_big_room, serial_shops, nicolae_diamond_shop
Vaults:3: vaults_standard_mumra_x, minmay_crypt_entry_vampire_xt,
          ontoclasm_vaults_fault, v_alt_pattern_4, v_misc_10,
          vaults_room_door_hall, v_misc_17, hangedman_vaults_slice,
          nicolae_vaults_theta, vaults_dpeg_ring, layout_vaults_ring,
          uniq_xtahua, uniq_sojobo
Vaults:4: gammafunk_ghost_tricky_traps, nicolae_vaults_mini_display_case,
          nicolae_vaults_octagons, nicolae_vaults_little_squares_1,
          hangedman_vaults_river_flow, grunt_vaults_hallway_short, v_misc_2,
          hangedman_vaults_cutoff, vaults_room_fours,
          nicolae_vaults_little_squares_4, v_alt_pattern_2,
          layout_vaults_omnibox
Vaults:5

Skill      XL: |  1  2  3  4  5  6  7  8  9 10 11 12 13 14 15 16 17 18 19 |
---------------+----------------------------------------------------------+-----
Stealth        | 1 2 3 9 11 | 11.0
Poison Magic   | 1 |  1.0
Fighting       | 2 3 4 6 8 11 15 17 | 17.1
Dodging        | 4 5 6 7 9 11 13 14 | 14.0
Unarmed Combat | 4 5 6 9 11 13 14 | 14.0
Transmutations | 3 5 8 9 13 | 13.7
Ice Magic      | 3 4 |  4.0
Invocations    | 3 10 13 | 13.0
Earth Magic    | 9 14 15 | 15.3
Spellcasting   | |  2.0

Action                   |  1- 3 |  4- 6 |  7- 9 | 10-12 | 13-15 | 16-18 | 19-21 || total
-------------------------+-------+-------+-------+-------+-------+-------+-------++-------
Melee: Unarmed           |    42 |     7 |    85 |   261 |   807 |   726 |       ||  1928
       Constrict         |    20 |     5 |    59 |     3 |    14 |   133 |       ||   234
       Kick              |    12 |     4 |    57 |     4 |       |       |       ||    77
       Tentacles         |     4 |     8 |    47 |     4 |    16 |   239 |       ||   318
       Mace              |    16 |    39 |   238 |    28 |       |       |       ||   321
       Punch             |     1 |       |     5 |     2 |     4 |    97 |       ||   109
       Shillelagh        |       |       |       |       |     6 |       |       ||     6
 Cast: Beastly Appendage |    22 |     9 |    48 |     5 |       |       |       ||    84
       Spider Form       |     4 |     1 |    11 |     5 |       |       |       ||    21
       Wereblood         |       |       |     1 |     3 |     3 |     1 |       ||     8
       Ice Form          |       |       |       |    37 |   105 |       |       ||   142
       Ozocubu's Armour  |       |       |       |    10 |     9 |       |       ||    19
       Statue Form       |       |       |       |       |     5 |    70 |     1 ||    76
Invok: Slouch            |       |       |       |     3 |     8 |    14 |     6 ||    31
       Step From Time    |       |       |       |       |     3 |     4 |       ||     7
Evoke: Wand              |       |       |       |    16 |     7 |       |       ||    23
       Condenser vane    |       |       |       |     1 |     3 |     2 |       ||     6
  Use: Scroll            |     4 |       |     6 |     7 |    23 |    16 |     1 ||    57
       Potion            |       |     4 |     1 |     7 |     1 |    11 |       ||    24
 Stab: Sleeping          |    11 |     2 |    24 |     2 |    14 |     5 |       ||    58
       Distracted        |     1 |       |       |       |     3 |       |       ||     4
       Confused          |       |       |       |       |     3 |       |       ||     3
       Invisible         |       |       |       |       |       |     2 |       ||     2
Armor: Skin              |     5 |    41 |    31 |   170 |   208 |   510 |    23 ||   988
Dodge: Dodged            |    34 |    50 |   237 |   232 |   961 |  1943 |    39 ||  3496
Block: Other             |       |       |    63 |    75 |   281 |   494 |    10 ||   923
       Reflection        |       |       |     6 |       |    38 |    21 |       ||    65

Table legend: (Time is in decaauts)
 A = Elapsed time spent in this place.
 B = Non-inter-level travel time spent in this place.
 C = Inter-level travel time spent in this place.
 D = Time resting spent in this place.
 E = Time spent auto-exploring this place.
 F = Levels seen in this place.
 G = Mean time per level.
                   A        B        C        D        E       F      G
               +--------+--------+--------+--------+--------+-----+--------+
         Total |  48287 |  45732 |   2555 |   7621 |  29197 |  39 | 1238.1 |
       Dungeon |  22598 |  21055 |   1543 |   2960 |  15092 |  15 | 1506.5 |
        Temple |     76 |     61 |     15 |      0 |     37 |   1 |   76.0 |
          Lair |  13962 |  13218 |    744 |   1891 |   9624 |   6 | 2327.0 |
        Shoals |   1355 |   1318 |     37 |    162 |    141 |   4 |  338.8 |
   Spider Nest |   2734 |   2660 |     74 |    611 |    803 |   4 |  683.5 |
  Orcish Mines |   2028 |   1892 |    136 |      0 |   1403 |   2 | 1014.0 |
        Vaults |   4453 |   4450 |      3 |   1997 |   1443 |   5 |  890.6 |
       Ossuary |    612 |    612 |      0 |      0 |    358 |   1 |  612.0 |
      Gauntlet |    465 |    465 |      0 |      0 |    294 |   1 |  465.0 |
               +--------+--------+--------+--------+--------+-----+--------+

Top non-repeatable levels by time:
  Lair:2: 2790 daAuts
  Lair:5: 2735 daAuts
     D:9: 2452 daAuts
  Lair:6: 2451 daAuts
Vaults:4: 2404 daAuts
     D:1: 2295 daAuts
     D:6: 2211 daAuts
  Lair:4: 2170 daAuts
  Lair:3: 2094 daAuts
    D:15: 1895 daAuts
Spider:4: 1792 daAuts
  Lair:1: 1719 daAuts
    D:12: 1664 daAuts
    D:13: 1653 daAuts
    D:10: 1509 daAuts
